 Dungeon Crawl Stone Soup version bcrawl-1.15.1 (webtiles) character file.

Game seed: 17658181156168223095

180 Roikka the Skirmisher (level 5, -1/42 HPs)
             Began as a Demonspawn Abyssal Knight on Sept 30, 2019.
             Was a Priest of Lugonu.
             Slain by an ogre
             ... wielding a +0 giant club
              (22 damage)
             ... on level 3 of the Dungeon.
             The game lasted 00:07:16 (2312 turns).

Roikka the Skirmisher (Demonspawn Abyssal Knight)   Turns: 2312, Time: 00:07:17

Health: -1/42      AC:  9    Str: 13    XL:     5   Next: 33%
Magic:  7/7        EV:  9    Int: 14    God:    Lugonu [***...]
Gold:   121        SH:  0    Dex: 12    Spells: 4/4 levels left

rFire    . . .     SeeInvis .   a - +1 mace
rCold    . . .     Gourm    .   (no shield)
rNeg     . . .     Faith    .   p - +0 scale mail
rPois    .         Spirit   .   (helmet restricted)
rElec    .         Reflect  .   l - +0 cloak (curse)
rCorr    .         Harm     .   (no gloves)
MR       .....                  s - +1 pair of boots
Stlth    ..........             (no amulet)
HPRegen  0.14/turn              (no ring)
MPRegen  0.10/turn              (no ring)

@: no status effects
A: hooves 1, horns 1
a: Depart the Abyss, Bend Space, Banish, Renounce Religion


You were on level 3 of the Dungeon.
You worshipped Lugonu.
Lugonu was most pleased with you.
You were not hungry.

You visited 1 branch of the dungeon, and saw 3 of its levels.
You visited the Abyss 1 time.

You collected 121 gold pieces.

Inventory:

Hand Weapons
 a - a +1 mace (weapon)
Armour
 l - a cursed +0 cloak (worn)
 p - a +0 scale mail (worn)
 s - a +1 pair of boots (worn)
Jewellery
 q - an uncursed amulet of faith
Scrolls
 e - 2 scrolls of teleportation
 g - 3 scrolls of enchant armour
 i - a scroll of magic mapping
 j - 3 scrolls of identify
Potions
 b - 2 potions of brilliance {unknown}
 d - 4 potions of heal wounds {unknown}
 f - 4 potions of curing {unknown}
 h - 2 potions of degeneration {unknown}
 k - a potion of cancellation {unknown}
 m - 4 potions of haste {unknown}
 n - a potion of mutation {unknown}
Comestibles
 c - 11 rations {!d}
 o - 4 chunks of flesh


   Skills:
 + Level 4.0 Fighting
 * Level 3.8 Maces & Flails
 + Level 2.4 Armour
 - Level 0.8 Dodging
 - Level 3.4 Invocations


You had 4 spell levels left.
You didn't know any spells.
Your spell library was empty.

Dungeon Overview and Level Annotations

Branches:
Dungeon (3/12)

Altars:
Hepliaklqana


Innate Abilities, Weirdness & Mutations

You have large cloven feet.
You have a pair of small horns on your head.


Message History

You hit the worm.
You headbutt the worm, but do no damage.
The worm is almost dead.
You hit the worm.
You kill the worm!
Lugonu accepts your kill.
Found a stone staircase leading down.
An ogre comes into view. It is wielding a +0 giant club.
The ogre shouts!
You hit the ogre.
The ogre is lightly wounded.
The ogre hits you with a +0 giant club.
You hit the ogre.
The ogre is moderately wounded.
The ogre hits you with a +0 giant club!!
You hit the ogre. Your headbutt misses the ogre.
The ogre is heavily wounded.
The ogre hits you with a +0 giant club!!
Ouch! That really hurt!
You die...

#.....# ##.#+##
#.#.# #(..# ##..#
#..# #..#
###############..#
......O@........>#
.#################


You could see an ogre.

Vanquished Creatures
  A scorpion (D:2)
  3 adders (D:3)
  3 oozes
  A worm (D:3)
  3 dart slugs
  6 leopard geckos
  2 orcs
  3 giant cockroaches (D:1)
  4 goblins
  10 hobgoblins
  12 jackals
  10 kobolds
  A quokka (D:2)
  8 bats
  A frilled lizard (D:2)
  3 rats (D:1)
71 creatures vanquished.

Notes
Turn   | Place    | Note
-------+----------+-------------------------------------------
     0 | Abyss:1  | Roikka the Demonspawn Abyssal Knight began the quest for
                  | the Orb.
     0 | Abyss:1  | Reached XP level 1. HP: 18/18 MP: 2/2
     5 | D:1      | Escaped the Abyss
   173 | D:1      | Gained mutation: You have a pair of small horns on your
                  | head. [demonic ancestry]
   173 | D:1      | Reached XP level 2. HP: 24/24 MP: 2/4
   580 | D:1      | Reached ** piety under Lugonu
   644 | D:1      | Reached XP level 3. HP: 27/29 MP: 5/5
  1314 | D:2      | Found a hazy altar of Hepliaklqana.
  1322 | D:2      | Gained mutation: You have large cloven feet. [demonic
                  | ancestry]
  1322 | D:2      | Reached XP level 4. HP: 32/35 MP: 6/6
  1692 | D:2      | Found a faded altar of an unknown god.
  2006 | D:3      | Reached XP level 5. HP: 35/42 MP: 7/7
  2065 | D:3      | Reached *** piety under Lugonu
  2192 | D:3      | Reached skill level 4 in Fighting
  2306 | D:3      | Noticed an ogre
  2312 | D:3      | Slain by an ogre

Skill      XL: |  1  2  3  4  5 |
---------------+----------------+-----
Maces & Flails | 2 3 |  3.8
Invocations    | 3 |  3.4
Armour         | 2 |  2.4
Fighting       | 4 |  4.0
Dodging        | |  0.8

Action                   |  1- 3 |  4- 6 || total
-------------------------+-------+-------++-------
Melee: Mace              |   113 |    76 ||   189
       Headbutt          |    11 |    10 ||    21
       Kick              |       |     5 ||     5
  Use: Scroll            |       |     6 ||     6
  Eat: Chunk             |     1 |     4 ||     5
Armor: Leather armour    |    27 |       ||    27
       Scale mail        |     5 |    42 ||    47
       Ring mail         |     5 |       ||     5
Dodge: Dodged            |    75 |    37 ||   112
